 Dungeon Crawl Stone Soup version 0.28-a0-984-g3775c662fe (webtiles) character file.

Game seed: 4581787362604516949

2 vurker the Caller (level 1, 3/10 HPs)
             Began as a Tengu Summoner on Dec 3, 2021.
             Quit the game on level 1 of the Dungeon.
             The game lasted 00:00:38 (41 turns).

vurker the Caller (Tengu Summoner)                    Turns: 41, Time: 00:00:38

Health: 3/10       AC:  2    Str:  8    XL:     1   Next: 40%
Magic:  3/4        EV: 12    Int: 15    God:
Gold:   0          SH:  0    Dex: 14    Spells: 3/4 levels left

rFire   . . .      SeeInvis .   (no weapon)
rCold   . . .      Faith    .   (no shield)
rNeg    . . .      Spirit   .   a - +0 robe
rPois   .          Reflect  .   (helmet restricted)
rElec   .          Harm     .   (no cloak)
rCorr   .          Rampage  .   (no gloves)
Will    .....                   (boots unavailable)
Stlth   ++........              (no amulet)
HPRegen 0.03/turn               (no ring)
MPRegen 0.09/turn               (no ring)

@: no status effects
A: beak, talons 3
a: no special abilities


You were on level 1 of the Dungeon.
You visited 1 branch of the dungeon, and saw 1 of its levels.

Inventory:

Armour
 a - a +0 robe (worn)
Magical Staves
 b - a staff of cold
   (You found it on level 1 of the Dungeon)


   Skills:
 + Level 0.1 Fighting
 - Level 2.1 Dodging
 - Level 2.0 Stealth
 * Level 2.0 Spellcasting
 * Level 4.9 Summonings


You had 3 spell levels left.
You knew the following spells:

 Your Spells              Type           Power      Damage    Failure   Level
a - Summon Small Mammal   Summ           64%        N/A       3%          1

Your spell library contained the following spells:

 Spells                   Type           Power      Damage    Failure   Level
 Call Imp                 Summ           16%        N/A       4%          2
 Call Canine Familiar     Summ           16%        N/A       9%          3
 Summon Guardian Golem    Hex/Summ       8%         N/A       24%         3
 Summon Lightning Spire   Summ/Air       8%         N/A       63%         4


Dungeon Overview and Level Annotations

Branches:
Dungeon (1/15)

Altars:


Innate Abilities, Weirdness & Mutations

You have a beak for a mouth.
You have claws for feet.


Message History

Found a ring mail.
The ball python bites you but does no damage.
The ball python grabs you. The ball python constricts you.
You escape the ball python's grasp.
Your bat barely misses the ball python.
Your bat hits the ball python.
Your rat bites the gnoll.
Your bat barely misses the ball python.
Your bat hits the ball python.
A ball python comes into view.
Your bat hits the ball python.
The ball python bites you but does no damage.
The ball python closely misses you. The ball python completely misses you.
The ball python barely misses you.
A dart slug comes into view.
A ball python comes into view.
The ball python barely misses you. The ball python misses you.
Your bat closely misses the ball python.
A rat comes into view.
The ball python hisses angrily.
Your bat hits the ball python.
The rat moves out of view.
You see here a staff of cold.
b - a staff of cold Your bat closely misses the ball python.
The ball python bites you but does no damage.
The ball python grabs you. The ball python constricts you.
The ball python bites you but does no damage.
You escape the ball python's grasp.
Your bat hits the ball python. The ball python barely misses you.
The ball python grabs you. The ball python constricts you.
You escape the ball python's grasp.
Your bat hits the ball python. Your bat misses the ball python.
The ball python closely misses your bat. x2
The gnoll hits your bat with a +0 club.
Your bat dies!
Your bat's corpse disappears in a puff of smoke!
The ball python hisses angrily.
The rat bites you.
* * * LOW HITPOINT WARNING * * *
The ball python closely misses you. The ball python grabs you.
The ball python constricts you.
You escape the ball python's grasp.
The rat misses you.
Found 8 gold pieces.
The ball python bites you.
* * * LOW HITPOINT WARNING * * *
The ball python barely misses you.
A ball python and a hobgoblin come into view. 3 jackals come into view.
The jackal barks! x2
The hobgoblin shouts!
The ball python hisses angrily.
A ball python comes into view.

.g#.............#..
..#.............#....
..#.............#....
..#≈...........≈#..$#
...##############...
.......# ####..#
......#######.....##
....#.........S....##.#
..........#..#rS@...S.#
............SS....##....
##..........##...## .
...###....####.### ###
#..#### h.# #..##


hg.. #.# ..... #.. ..hS... ..# ........ You could see 3 jackals, a hobgoblin, 6
ball pythons and a rat.

Vanquished Creatures
  A jackal (D:1)
1 creature vanquished.

Vanquished Creatures (collateral kills)
  A jackal (D:1)
1 creature vanquished.

Grand Total: 2 creatures vanquished

Notes
Turn   | Place    | Note
-------+----------+-------------------------------------------
     0 | D:1      | vurker the Tengu Summoner began the quest for the Orb.
     0 | D:1      | Reached XP level 1. HP: 10/10 MP: 4/4
    41 | D:1      | Quit the game

Illustrated notes

Levels and vault maps discovered:
D:1:      enne_arrival_octagon_isle, layout_rooms, minmay_misc_feat_roman,
          minmay_pentomino_z2

Action                   || total
-------------------------++-------
Melee: Unarmed           ||     4
       Peck              ||     2
 Cast: Summon Small Mamm ||     3
Armor: Robe              ||     5
Dodge: Dodged            ||    17

Table legend: (Time is in decaauts)
 A = Elapsed time spent in this place.
 B = Non-inter-level travel time spent in this place.
 C = Inter-level travel time spent in this place.
 D = Time resting spent in this place.
 E = Time spent auto-exploring this place.
 F = Levels seen in this place.
 G = Mean time per level.
                   A        B        C        D        E       F      G
               +--------+--------+--------+--------+--------+-----+--------+
         Total |     41 |     41 |      0 |      0 |      1 |   1 |   41.0 |
       Dungeon |     41 |     41 |      0 |      0 |      1 |   1 |   41.0 |
               +--------+--------+--------+--------+--------+-----+--------+

Top non-repeatable levels by time:
     D:1: 41 daAuts
